 Dungeon Crawl Stone Soup version 0.25-a0-942-g87a53962fc (webtiles) character file.

Game seed: 6140101193301836299, levelgen mode: deterministic

1519 MisterFreud the Cleaver (level 9, -4/69 HPs)
             Began as a Formicid Abyssal Knight on May 7, 2020.
             Was a Priest of Lugonu.
             Slain by an orc warrior
             ... wielding a +0 mace
              (18 damage)
             ... on level 5 of the Dungeon.
             The game lasted 00:09:31 (7712 turns).

MisterFreud the Cleaver (Formicid Abyssal Knight)   Turns: 7712, Time: 00:09:32

Health: -4/69      AC: 15    Str: 19    XL:     9   Next: 9%
Magic:  10/10      EV:  7    Int: 13    God:    Lugonu [***...]
Gold:   239        SH:  0    Dex: 10    Spells: 8/8 levels left

rFire    . . .     SeeInvis +   n - +0 battleaxe
rCold    + . .     Gourm    +   (no shield)
rNeg     + . .     Faith    .   E - +2 chain mail {MR+}
rPois    .         Spirit   .   (helmet unavailable)
rElec    .         Reflect  .   (no cloak)
rCorr    .         Harm     .   a - +1 pair of gloves
MR       +....                  D - +1 pair of boots
Stlth    ..........             w - amulet of the gourmand
HPRegen  0.21/turn              e - ring of positive energy
MPRegen  0.12/turn              G - ring of protection from cold

@: no status effects
A: permanent stasis, dig shafts and tunnels, four strong arms, antennae 3
a: Dig, Shaft Self, Depart the Abyss, Bend Space, Banish, Renounce Religion


You were on level 5 of the Dungeon.
You worshipped Lugonu.
Lugonu was most pleased with you.
You were very hungry.

You visited 1 branch of the dungeon, and saw 5 of its levels.
You visited the Abyss 1 time.

You collected 239 gold pieces.

Inventory:

Hand Weapons
 n - a +0 battleaxe (weapon)
Missiles
 j - 26 arrows
 l - 32 poisoned darts (quivered)
 o - 36 bolts
 p - a boomerang
 q - 127 stones
 B - 54 sling bullets
Armour
 a - a +1 pair of gloves (worn)
 b - a +0 leather armour
 k - a +0 ring mail
 D - a +1 pair of boots (worn)
 E - a +2 chain mail of magic resistance (worn)
Jewellery
 e - a ring of positive energy (left hand)
 w - an amulet of the gourmand (around neck)
 G - a ring of protection from cold (right hand)
Wands
 y - a wand of acid (5)
Scrolls
 d - 2 scrolls of teleportation {unknown}
 r - a scroll of fog {unknown}
 t - 3 scrolls of immolation
 u - 3 scrolls of enchant weapon {unknown}
 x - a scroll of blinking {unknown}
 z - a scroll of fear {unknown}
 F - a scroll of amnesia {unknown}
Potions
 f - 2 potions of might
 g - a potion of stabbing {unknown}
 h - 2 potions of curing {unknown}
 i - 2 potions of invisibility
 m - 3 potions of brilliance
 v - 3 potions of flight {unknown}
 A - a potion of ambrosia {unknown}
 C - a potion of heal wounds {unknown}
Comestibles
 c - 10 rations


   Skills:
 - Level 6.0 Fighting
 + Level 9.2(9.3) Axes
   Level 2.0(6.1) Maces & Flails
 - Level 3.8 Armour
 - Level 0.8 Dodging
 - Level 2.1 Invocations


You had 8 spell levels left.
You didn't know any spells.
Your spell library was empty.

Dungeon Overview and Level Annotations

Branches:
Dungeon (5/15)
 Temple: D:4-7

Altars:
Cheibriados

Shops:
D:5 *


Innate Abilities, Weirdness & Mutations

You cannot be hasted, slowed, berserked, paralysed or teleported.
You can dig through walls and to a lower floor.
Your four strong arms can wield two-handed weapons with a shield.
You have a pair of large antennae on your head. (SInv)


Message History

You slash the orc priest!
The orc priest is heavily wounded.
You barely miss the orc warrior.
The orc warrior hits you with a +0 mace!
* * * LOW HITPOINT WARNING * * *
The orc priest looks braver for a moment.
Evoke which item? (* to show all) (? for menu, Esc to quit)
Aiming: Corrosive Bolt
Press: ? - help, Shift-Dir - straight line, f - orc priest
Aim: an orc priest, wielding a +0 trident The bolt of acid hits the orc priest!
The orc priest is splashed with acid.
The acid corrodes the orc priest!
You kill the orc priest!
Lugonu accepts your kill.
The bolt of acid misses the orc.
The bolt of acid hits the orc priest!
The orc priest is splashed with acid.
You kill the orc priest!
Lugonu accepts your kill.
The orc warrior hits you with a +0 mace!!
You die...

#{#.#......# #....
#.{{..l.o.## #.### #.........#
#.... .....#{#.#.## { #..##
### #.#{#.### #..##
#.#{#.#.### ###....
#.#.#{#.....#. #....##
#{#.o)#l###.#.# #.####
#.###)o)@.....### #.#####
#...#.#o........###.....#
########{#.#####.##..........#
.........#.# #.##..........#
.........#.# #. #..........#
########'#.# #.##)..........
#.......# #..'.........##
#.......# ######.........##
#.......###.# #.........##


You could see an orc warrior, an orc wizard, an orc and a frilled lizard.

Vanquished Creatures
  Grinder (D:5)
  2 steam dragons (D:5)
  2 water moccasins (D:5)
  A sky beast (D:5)
  An orc warrior (D:5)
  An ogre (D:4)
  A hound (D:3)
  A jelly (D:2)
  3 orc priests (D:5)
  4 orc wizards
  Natasha (thrice) (D:3)
  An iguana (D:5)
  A worker ant (D:4)
  2 gnolls
  7 adders
  2 oozes
  3 worms
  2 dart slugs
  7 leopard geckos
  14 orcs
  7 giant cockroaches
  10 goblins
  10 hobgoblins
  A jackal (D:3)
  5 quokkas
  A ball python (D:3)
  12 bats
  5 frilled lizards
  8 kobolds
  A leopard gecko skeleton (D:4)
  14 rats
133 creatures vanquished.

Notes
Turn   | Place    | Note
-------+----------+-------------------------------------------
     0 | Abyss:1  | MisterFreud the Formicid Abyssal Knight began the quest for
                  | the Orb.
     0 | Abyss:1  | Reached XP level 1. HP: 18/18 MP: 2/2
    23 | Abyss:1  | Noticed a ynoxinul
    29 | D:1      | Escaped the Abyss
   229 | D:1      | Reached * piety under Lugonu
   235 | D:1      | Reached XP level 2. HP: 6/25 MP: 3/3
   912 | D:1      | Reached XP level 3. HP: 31/31 MP: 4/4
  1905 | D:2      | Reached skill level 5 in Fighting
  1916 | D:2      | Reached XP level 4. HP: 13/39 MP: 5/5
  2336 | D:2      | Reached XP level 5. HP: 19/46 MP: 6/6
  2692 | D:2      | Reached ** piety under Lugonu
  3239 | D:2      | Found a snail-covered altar of Cheibriados.
  3723 | D:3      | Reached XP level 6. HP: 50/52 MP: 7/7
  3834 | D:3      | Reached skill level 1 in Axes
  4137 | D:3      | Reached skill level 2 in Axes
  4515 | D:3      | Reached skill level 3 in Axes
  4634 | D:3      | Noticed Natasha
  4644 | D:3      | Killed Natasha
  4644 | D:3      | Reached *** piety under Lugonu
  4703 | D:3      | Reached XP level 7. HP: 52/58 MP: 8/8
  4777 | D:3      | Noticed Natasha
  4789 | D:3      | Killed Natasha
  5082 | D:3      | Noticed Natasha
  5104 | D:3      | Killed Natasha
  5104 | D:3      | Reached skill level 4 in Axes
  5694 | D:4      | Reached skill level 5 in Axes
  6440 | D:5      | Entered Level 5 of the Dungeon
  6577 | D:5      | Noticed a steam dragon
  6577 | D:5      | Noticed a steam dragon
  6591 | D:5      | Killed a steam dragon
  6591 | D:5      | Reached skill level 6 in Axes
  6591 | D:5      | Reached XP level 8. HP: 25/64 MP: 9/9
  6872 | D:5      | Found Fiptet's Serpentskin Sales.
  6888 | D:5      | Reached skill level 7 in Axes
  7208 | D:5      | Noticed Grinder
  7227 | D:5      | Killed Grinder
  7227 | D:5      | Reached skill level 8 in Axes
  7637 | D:5      | Reached skill level 9 in Axes
  7637 | D:5      | Reached XP level 9. HP: 61/69 MP: 10/10
  7712 | D:5      | Slain by an orc warrior

Levels and vault maps discovered:
D:1:      matt_arrival_diagonals, layout_basic, minmay_ruptured
D:2:      layout_loops_ring, kennysheep_slug_shrine
D:3:      minmay_bubble_buster, layout_basic, first_ration, nrook_campfire,
          uniq_natasha
D:4:      layout_basic
D:5:      kennysheep_steamy, layout_basic, dk_noncrumbling_2,
          chequers_decorated_corner, guppyfry_shop_venom, uniq_grinder

Skill      XL: |  1  2  3  4  5  6  7  8 |
---------------+-------------------------+-----
Fighting       | 4 5 6 |  6.0
Armour         | 3 |  3.8
Axes           | 3 6 9 |  9.2
Maces & Flails | |  2.0
Dodging        | |  0.8
Invocations    | |  2.1

Action                   |  1- 3 |  4- 6 |  7- 9 || total
-------------------------+-------+-------+-------++-------
Melee: Mace              |    95 |   110 |       ||   205
       War axe           |       |    92 |   144 ||   236
       Battleaxe         |       |       |    34 ||    34
Invok: Depart the Abyss  |     1 |       |       ||     1
Evoke: Wand              |       |       |     9 ||     9
  Use: Scroll            |       |       |     4 ||     4
  Eat: Chunk             |     3 |     9 |    11 ||    23
Armor: Leather armour    |    35 |     3 |       ||    38
       Ring mail         |       |    73 |    29 ||   102
       Chain mail        |       |       |    94 ||    94
Dodge: Dodged            |    70 |   137 |    83 ||   290

Table legend:
 A = Non-vault XP
 B = Vault XP
 C = Vault XP percentage of total XP
 D = Non-vault monster count
 E = Vault monster count
 F = Vault count percentage of total count
                 A         B        C        D         E       F
            +---------+---------+-------+---------+---------+-------
      Total |    1149 |    1021 |  47.1 |     107 |      26 |  19.5
            +---------+---------+-------+---------+---------+-------
        D:1 |      53 |       7 |  11.7 |      24 |       5 |  17.2
        D:2 |     202 |       4 |   1.9 |      35 |       1 |   2.8
        D:3 |     218 |     107 |  32.9 |      20 |      15 |  42.9
        D:4 |     225 |       0 |   0.0 |      16 |       0 |   0.0
        D:5 |     451 |     903 |  66.7 |      12 |       5 |  29.4
            +---------+---------+-------+---------+---------+-------
